 Dungeon Crawl Stone Soup version 0.30-a0-782-ge64f9170bb (webtiles) character file.

Game seed: 9656767088711044191

4288 tilp the Carver (level 10, -3/91 HPs)
             Began as a Meteoran Fighter on Mar 17, 2023.
             Was an Elder of Okawaru.
             Slain by a yak (6 damage)
             ... on level 9 of the Dungeon.
             The game lasted 00:16:52 (3046 turns).

tilp the Carver (Meteoran Fighter)                  Turns: 3046, Time: 00:16:52

Health: -3/91      AC: 27    Str: 22    XL:     10   Next: 87%
Magic:  14/14      EV:  9    Int:  9    God:    Okawaru [****..]
Gold:   130        SH:  5    Dex: 17    Spells: 9/9 levels left

rFire   . . .      SeeInvis .    a - +0 long sword
rCold   . . .      Faith    .    c - +0 buckler
rNeg    . . .      Spirit   .    i - +7 plate armour "Kickyu" {Str+2}
rPois   .          Reflect  .    u - +0 helmet
rElec   .          Harm     .    y - +0 cloak
rCorr   .          Rampage  .    (no gloves)
Will    +....                    H - +1 pair of boots Stlth
                                 (no amulet)
HPRegen 0.35/turn                t - +4 ring of protection
MPRegen 0.14/turn                (no ring)

@: hasted, glowing, very quick
A: sense surroundings 2, otherworldly, glowing, explore regen
a: Renounce Religion, Heroism, Finesse


You were on level 9 of the Dungeon.
You worshipped Okawaru.
Okawaru was greatly pleased with you.
You visited 1 branch of the dungeon, and saw 9 of its levels.

You collected 344 gold pieces.
You spent 214 gold pieces at shops.

Inventory:

Hand Weapons
 a - a +0 long sword (weapon)
 b - a +2 dagger of draining
Missiles
 j - 7 javelins
 q - 11 boomerangs (quivered)
 J - 11 boomerangs of dispersal
 K - 2 poisoned darts
Armour
 c - a +0 buckler (worn)
 i - the +7 plate armour "Kickyu" (worn) {Str+2}
   (You found it on level 5 of the Dungeon)

   Str:       It affects your strength (+2).
 m - a +4 ring mail of positive energy
 u - a +0 helmet (worn)
 y - a +0 cloak (worn)
 H - a +1 pair of boots (worn)
Jewellery
 n - a ring of magical power
 t - a +4 ring of protection (left hand)
 I - the amulet of the Air {Inacc Air Fly rElec RMsl}
   (You found it on level 7 of the Dungeon)

   [amulet of nothing]

   Inacc:     It reduces the accuracy of your attacks and spells.
   Air:       It enhances your air magic.
   rElec:     It insulates you from electricity.
   Fly:       It grants you flight.
   RMsl:      It protects you from missiles.
Wands
 d - a wand of charming (7)
 e - a wand of mindburst (8)
 A - a wand of flame (17)
 L - a wand of polymorph (14)
Scrolls
 g - a scroll of enchant weapon {unknown}
 h - a scroll of magic mapping {unknown}
 k - a scroll of brand weapon {unknown}
 p - 3 scrolls of teleportation {unknown}
 r - a scroll of poison {unknown}
 s - a scroll of vulnerability {unknown}
 v - 5 scrolls of amnesia {unknown}
 x - 2 scrolls of torment {unknown}
 B - 3 scrolls of fear {unknown}
 C - a scroll of enchant armour {unknown}
 E - a scroll of fog {unknown}
Potions
 o - a potion of mutation {unknown}
 w - 2 potions of berserk rage
 z - 2 potions of lignification
 D - a potion of magic {unknown}
 F - a potion of brilliance {unknown}
 G - 2 potions of curing {unknown}


   Skills:
 * Level 9.0 Fighting
 * Level 10.8 Long Blades
 + Level 3.7 Throwing
 + Level 5.0 Armour
 + Level 6.7 Dodging
 - Level 4.0 Shields
 * Level 4.5 Invocations
 - Level 4.0 Evocations


You had 9 spell levels left.
You didn't know any spells.
Your spell library was empty.

Dungeon Overview and Level Annotations

Branches:
Dungeon (9/15) Zot: 2334   Temple (0/1) D:5            Lair (0/5) D:9
    Orc: D:9-12

Altars:
Kikubaaqudgha
Okawaru
Trog
Uskayaw
Vehumet

Shops:
D:2 =*?   D:5 *


Innate Abilities, Weirdness & Mutations

You passively map the area around you.
You are easily found by Zot.
You glow in the dark.
You regain HP and MP as you explore.


Message History

The yak gores you.
* * * LOW HITPOINT WARNING * * *
Your Fighting skill increases to level 9!
You feel sick. The yak gores you.
* * * LOW HITPOINT WARNING * * *
You see here a water moccasin corpse.
You hit the yak but do no damage.
The yak is lightly wounded.
You feel sick.
You hit the yak.
The yak is lightly wounded.
You feel sick. The yak gores you but does no damage. The yak gores you.
* * * LOW HITPOINT WARNING * * *
You barely miss the yak.
The yak is moderately wounded.
You feel sick.
The yak gores you but does no damage. x2
You hit the yak but do no damage.
The yak is moderately wounded.
You feel sick. The yak gores you.
* * * LOW HITPOINT WARNING * * *
The yak gores you.
* * * LOW HITPOINT WARNING * * *
The yak gores you but does no damage. The yak attacks as you move away!
You block the yak's attack. The yak attacks as you move away!
The yak misses you.
You feel sick. The yak attacks as you move away! The yak gores you.
* * * LOW HITPOINT WARNING * * *
You feel sick. The yak attacks as you move away! The yak barely misses you.
You feel sick.
You are no longer poisoned.
The yak gores you but does no damage. The yak attacks as you move away!
The yak gores you but does no damage.
Something gores the plant.
The plant begins to die.
The yak attacks as you move away! The yak gores you!
* * * LOW HITPOINT WARNING * * *
The yak attacks as you move away! The yak barely misses you.
The yak attacks as you move away! You block the yak's attack.
Okay, then.
You feel yourself speed up. The yak gores you.
You die...

,....., #...... ,
### .......
##.########.......,
*
#..#..(..#.........
#..#.8#8.....>.....
*
##.<..#(#.....?.....
*
#.....8#8.Y.....PP..
##.....@YY#....?....
,
#..##...##.♣♣......,
##....###YYY...P...
#...####.P...[.... *
###.###...†..PPP>♣.
, ,
#.†.†...#....PP...P,
,,
#......##....P.....
#......###...P.....
, #......#
#.....♣..P ,,


You could see 3 yaks.

Vanquished Creatures
  Pikel (D:8)
  An unseen horror (D:9)
  6 yaks
  A wyvern (D:9)
  A steam dragon (D:6)
  Edmund (D:5)
  5 water moccasins
  An ice beast (D:6)
  A sky beast (D:6)
  A centaur (D:8)
  A lemure (D:8)
  Blork the orc (D:5)
  A bullfrog (D:6)
  2 scorpions
  A kobold brigand (D:8)
  2 necrophages
  3 killer bees (D:6)
  A howler monkey (D:8)
  A hound (D:6)
  5 orc priests
  Crazy Yiuf (D:3)
  3 gnoll boudas
  3 jellies (D:6)
  3 iguanas
  Jessica (D:3)
  6 orc wizards
  Robin (D:3)
  17 gnolls
  4 adders
  2 white imps (D:5)
  A worm (D:2)
  4 dart slugs
  5 orcs
  5 ball pythons
  2 bats
  2 giant cockroaches
  13 goblins
  6 hobgoblins
  6 kobolds
  3 quokkas
  4 frilled lizards
  2 rats
131 creatures vanquished.

Vanquished Creatures (others)
  2 fungi (D:9)
  5 plants (D:9)
  6 toadstools (D:2)
13 creatures vanquished.

Grand Total: 144 creatures vanquished

Notes
Turn   | Place    | Note
-------+----------+-------------------------------------------
     0 | D:1      | tilp the Meteoran Fighter began the quest for the Orb.
     0 | D:1      | Reached XP level 1. HP: 19/19 MP: 2/2
    57 | D:2      | Found Deraguj's Magic Scroll Boutique.
    71 | D:2      | Reached skill level 3 in Long Blades
    71 | D:2      | Reached XP level 2. HP: 24/26 MP: 3/3
    75 | D:2      | Reached skill level 1 in Dodging
   112 | D:2      | Reached XP level 3. HP: 21/31 MP: 4/4
   124 | D:2      | Found Vag Anouna's Assorted Antiques.
   234 | D:3      | Noticed Jessica
   243 | D:3      | Killed Jessica
   244 | D:3      | Reached skill level 4 in Long Blades
   244 | D:3      | Reached XP level 4. HP: 23/40 MP: 5/5
   405 | D:3      | Found a hide-covered altar of Uskayaw.
   406 | D:3      | Found an ancient bone altar of Kikubaaqudgha.
   408 | D:3      | Found a radiant altar of Vehumet.
   544 | D:3      | Noticed a necrophage
   557 | D:3      | Killed a necrophage
   558 | D:3      | Reached skill level 5 in Long Blades
   558 | D:3      | Reached XP level 5. HP: 40/46 MP: 6/6
   581 | D:3      | Noticed Robin
   621 | D:3      | Killed Robin
   797 | D:4      | Reached XP level 6. HP: 46/47 MP: 7/7
   994 | D:3      | Found a runed translucent door.
   995 | D:3      | Noticed Crazy Yiuf
  1003 | D:3      | Killed Crazy Yiuf
  1004 | D:3      | Reached skill level 6 in Long Blades
  1069 | D:2      | Found Muusen's Jewellery Emporium.
  1135 | D:2      | Bought a scroll labelled XITTEAN TYNN for 31 gold pieces
  1135 | D:2      | Bought a golden potion for 27 gold pieces
  1135 | D:2      | Bought a scroll labelled ZUZXAYTWIC for 31 gold pieces
  1135 | D:2      | Bought a scroll labelled CAX DOFOECSANA for 31 gold pieces
  1135 | D:2      | Bought a black potion for 27 gold pieces
  1135 | D:2      | Bought a scroll labelled SYPTAKLUMOPI for 31 gold pieces
  1162 | D:2      | Bought a scroll of noise for 12 gold pieces
  1162 | D:2      | Bought a scroll of identify for 24 gold pieces
  1239 | D:5      | Entered Level 5 of the Dungeon
  1333 | D:4      | Reached skill level 1 in Throwing
  1333 | D:4      | Reached XP level 7. HP: 58/60 MP: 8/8
  1343 | D:5      | Noticed Blork the orc
  1343 | D:5      | Found an iron altar of Okawaru.
  1352 | D:5      | Killed Blork the orc
  1368 | D:5      | Became a worshipper of Warmaster Okawaru
  1606 | D:3      | Reached skill level 5 in Fighting
  1738 | D:4      | Reached skill level 7 in Long Blades
  1738 | D:4      | Reached XP level 8. HP: 65/68 MP: 9/9
  1771 | D:5      | Identified the +7 plate armour "Kickyu" {Str+2}
  1897 | D:5      | Noticed Edmund
  1944 | D:5      | Killed Edmund
  1971 | D:6      | Reached * piety under Okawaru
  2093 | D:6      | Noticed a steam dragon
  2108 | D:6      | Killed a steam dragon
  2109 | D:6      | Reached skill level 8 in Long Blades
  2163 | D:6      | Gained mutation: You passively map the area around you.
                  | [Meteoran growth]
  2163 | D:6      | Reached XP level 9. HP: 70/78 MP: 10/10
  2220 | D:6      | Reached ** piety under Okawaru
  2267 | D:6      | Reached skill level 9 in Long Blades
  2267 | D:6      | Reached skill level 5 in Dodging
  2310 | D:5      | Found Cukena's Gadget Gallery.
  2346 | D:5      | Found a staircase to the Ecumenical Temple.
  2467 | D:7      | Found the amulet of the Air {Inacc Air Fly rElec RMsl}
  2563 | D:8      | Identified the +3 whip "Jokanal" {pain, *Slow Str+3 Int+2}
  2667 | D:8      | Found a bloodstained altar of Trog.
  2742 | D:8      | Noticed Pikel
  2750 | D:8      | Killed Pikel
  2750 | D:8      | Reached *** piety under Okawaru
  2751 | D:8      | Reached skill level 10 in Long Blades
  2751 | D:8      | Reached skill level 1 in Invocations
  2751 | D:8      | Reached skill level 1 in Evocations
  2751 | D:8      | Reached XP level 10. HP: 83/88 MP: 10/12
  2808 | D:8      | Reached **** piety under Okawaru
  2823 | D:8      | Received a gift from Okawaru
  2987 | D:9      | Killed an unseen horror
  3015 | D:9      | Reached skill level 5 in Armour
  3022 | D:9      | Found a staircase to the Lair.
  3043 | D:9      | HP: 1/91 [yak (12)]
  3046 | D:9      | Slain by a yak

Illustrated notes

Levels and vault maps discovered:
D:1:      minmay_arrival_four_circles, layout_loops_ring,
          minmay_stone_trees_medium, hangedman_abyss_or_decor_lesser_grid
D:2:      cheibrodos_fertilizer, layout_loops_ring, serial_shops,
          nicolae_shop_trees, shop_fountains, shop, shop, shop,
          kennysheep_generic_room_6
D:3:      layout_loops_cross, chequers_temple_overflow_statue_of_worship,
          minmay_pentangle, uniq_robin, uniq_crazy_yiuf_cottage, uniq_jessica
D:4:      layout_rooms, glass_columns_a, nicolae_titane
D:5:      layout_loops_corners, mainiacjoe_overflow_cross_hatched,
          minmay_temple_entry_tees, nrook_pool_corridor, nicolae_shop_gadgets,
          uniq_edmund, uniq_blork_the_orc
D:6:      layout_cave_pools, mainiacjoe_overflow_alcove_2, marbit_many_paths,
          grunt_decor_mini_mirrors, chequers_serial_rivers_small_b,
          nicolae_figureground_sparkle
D:7:      layout_basic, kennysheep_mini_moat, tso_altar,
          nicolae_shop_i_like_big_books, grunt_ministairs_10, uniq_menkaure,
          uniq_prince_ribbit1
D:8:      layout_loops_cross, mainiacjoe_overflow_alcove_4,
          nemelex_spade_bored_becter, uniq_pikel
D:9:      layout_cave_pods, nicolae_sif_muna_little_library, lemuel_tele_altar,
          minmay_lair_entry_grove, erik_orc_3, enter_bailey_4,
          minmay_statues_item

Skill      XL: |  1  2  3  4  5  6  7  8  9 10 |
---------------+-------------------------------+-----
Long Blades    | 3 4 5 6 7 8 10 | 10.8
Dodging        | 1 2 3 4 6 |  6.7
Fighting       | 4 5 6 8 9 |  9.0
Throwing       | 1 2 3 |  3.7
Armour         | 4 5 |  5.0
Shields        | 4 |  4.0
Invocations    | 1 4 |  4.5
Evocations     | 1 4 |  4.0

Action                     |  1- 3 |  4- 6 |  7- 9 | 10-12 || total
---------------------------+-------+-------+-------+-------++-------
  Melee: Long sword        |    50 |   105 |   351 |   142 ||   648
  Throw: Javelin           |       |       |     3 |       ||     3
 Invoke: Heroism           |       |       |       |     3 ||     3
  Evoke: Wand              |       |       |       |     3 ||     3
    Use: Scroll            |       |     3 |       |       ||     3
         Potion            |       |     1 |     1 |     1 ||     3
 Armour: Scale mail        |    17 |     8 |       |       ||    25
         Chain mail        |       |    47 |       |       ||    47
         Plate armour      |       |    17 |   289 |   107 ||   413
         Skin              |       |       |       |     1 ||     1
  Dodge: Dodged            |    15 |    31 |   116 |    41 ||   203
  Block: Buckler           |     8 |    24 |   108 |    49 ||   189

Table legend: (Time is in decaauts)
 A = Elapsed time spent in this place.
 B = Non-inter-level travel time spent in this place.
 C = Inter-level travel time spent in this place.
 D = Time resting spent in this place.
 E = Time spent auto-exploring this place.
 F = Levels seen in this place.
 G = Mean time per level.
                   A        B        C        D        E       F      G
               +--------+--------+--------+--------+--------+-----+--------+
         Total |   3064 |   2688 |    376 |     26 |      0 |   9 |  340.4 |
       Dungeon |   3064 |   2688 |    376 |     26 |      0 |   9 |  340.4 |
               +--------+--------+--------+--------+--------+-----+--------+

Top non-repeatable levels by time:
     D:3: 790 daAuts
     D:5: 473 daAuts
     D:8: 442 daAuts
     D:2: 417 daAuts
     D:6: 365 daAuts
     D:4: 324 daAuts
     D:9: 94 daAuts
     D:7: 83 daAuts
     D:1: 73 daAuts
